 Dungeon Crawl Stone Soup version 0.28-a0-10-g964c8b829e (webtiles) character file.

Game seed: 13279169416092459961

264 bande the Shield-Bearer (level 6, 0/38 HPs)
             Began as a Gargoyle Fighter on July 25, 2021.
             Slain by a bat (1 damage)
             ... summoned by Eustachio
             ... on level 4 of the Dungeon.
             The game lasted 00:07:17 (3214 turns).

bande the Shield-Bearer (Gargoyle Fighter)          Turns: 3214, Time: 00:07:18

Health: 0/38       AC: 15    Str: 20    XL:     6   Next: 19%
Magic:  6/6        EV:  5    Int:  9    God:
Gold:   2162       SH: 10    Dex: 10    Spells: 5/5 levels left

rFire   . . .      SeeInvis .   a - +1 war axe
rCold   . . .      Faith    .   c - +1 kite shield
rNeg    + . .      Spirit   .   j - +0 chain mail
rPois   ∞          Reflect  .   b - +0 helmet
rElec   +          Harm     .   (no cloak)
rCorr   .          Rampage  .   (no gloves)
Will    .....                   (no boots)
Stlth   ..........              (no amulet)
HPRegen 0.12/turn               (no ring)
MPRegen 0.10/turn               (no ring)

@: brilliant
A: sickness immunity, AC +4, negative energy resistance 1, electricity
resistance, torment resistance 1, petrification resistance
a: no special abilities


You were on level 4 of the Dungeon.
You visited 1 branch of the dungeon, and saw 4 of its levels.

You collected 2162 gold pieces.

Inventory:

Hand Weapons
 a - a +1 war axe (weapon)
 l - a +0 flail
Armour
 b - a +0 helmet (worn)
 c - a +1 kite shield (worn)
 j - a +0 chain mail (worn)
Scrolls
 g - a scroll of amnesia
Potions
 d - a potion of might
 k - a potion of brilliance


   Skills:
 + Level 4.0 Fighting
 + Level 3.8 Axes
 + Level 4.1 Armour
 + Level 1.1 Dodging
 + Level 4.4 Shields
 + Level 0.4 Unarmed Combat


You had 5 spell levels left.
You didn't know any spells.
Your spell library was empty.

Dungeon Overview and Level Annotations

Branches:
Dungeon (4/15)
 Temple: D:4-7

Altars:
Ashenzari
Nemelex Xobeh

Annotations:
D:4 Eustachio


Innate Abilities, Weirdness & Mutations

You are immune to sickness and miasma.
Your stone body is resilient. (AC +4)
You are immune to poison.
You resist negative energy. (rN+)
You are resistant to electric shocks. (rElec)
You are resistant to unholy torment.
You are immune to petrification.


Message History

You hit the river rat but do no damage.
The river rat bites you but does no damage.
You block Eustachio's attack.
You hit Eustachio.
Eustachio is almost dead.
You closely miss the river rat. You block Eustachio's attack.
The river rat bites you. Eustachio hits you but does no damage.
The river rat bites you.
* * * LOW HITPOINT WARNING * * *
Unknown command.
You barely miss Eustachio.
Eustachio is almost dead.
You closely miss the river rat. You block the river rat's attack.
Eustachio barely misses you.
Unknown command.
You hit Eustachio.
Eustachio is almost dead.
You hit the river rat.
Eustachio casts a spell.
Eustachio blinks!
The river rat bites you but does no damage.
Eustachio casts a spell.
The river rat bites you but does no damage.
The bat barely misses you.
It was a potion of invisibility.
You fade into invisibility!
The bat hits you but does no damage. The river rat bites you.
* * * LOW HITPOINT WARNING * * *
You are very lightly contaminated with residual magic.
It was a potion of cancellation.
Your magical effects are unravelling.
You feel magically purged.
Your magical contamination has completely faded away.
You flicker back into view.
You block the bat's attack.
The river rat bites you but does no damage.
It was a potion of brilliance.
You feel clever all of a sudden. The bat hits you.
You die...

###
#.######.##
#.55@gr@..#
..######b##
####.####
#...†...#
#.##†##.#
##. #.##.#
(....##.#
#.#####.#
###.#####.#


You could see Eustachio, an iron imp (summoned), a gnoll, a river rat
(summoned), a shadow imp (summoned) and a bat (summoned).

Vanquished Creatures
  A hound (D:3)
  Terence (D:3)
  Ijyb (D:3)
  An orc wizard (D:2)
  Robin (D:3)
  6 adders
  2 dart slugs
  3 orcs
  5 ball pythons
  7 endoplasms
  3 giant cockroaches
  11 hobgoblins
  10 jackals (D:1)
  4 quokkas
  2 bats
  3 frilled lizards
  9 goblins
  8 kobolds
  8 rats
86 creatures vanquished.

Notes
Turn   | Place    | Note
-------+----------+-------------------------------------------
     0 | D:1      | bande the Gargoyle Fighter began the quest for the Orb.
     0 | D:1      | Reached XP level 1. HP: 14/14 MP: 1/1
   175 | D:1      | Reached XP level 2. HP: 19/19 MP: 2/2
   292 | D:1      | You fall into a shaft and drop 1 floor!
   335 | D:2      | Reached XP level 3. HP: 21/23 MP: 3/3
  1045 | D:1      | Reached XP level 4. HP: 25/29 MP: 4/4
  1450 | D:2      | Identified 3 scrolls of acquirement
  1450 | D:2      | Acquired 782 gold pieces
  1452 | D:2      | Acquired 646 gold pieces
  1454 | D:2      | Acquired 567 gold pieces
  1892 | D:2      | Found a faded altar of an unknown god.
  2017 | D:3      | Found a broken altar of Ashenzari.
  2232 | D:3      | Reached XP level 5. HP: 28/33 MP: 5/5
  2245 | D:3      | Noticed Ijyb
  2275 | D:3      | Killed Ijyb
  2276 | D:3      | Reached skill level 1 in Dodging
  2432 | D:3      | Noticed Robin
  2447 | D:3      | Killed Robin
  2752 | D:3      | Found a sparkling altar of Nemelex Xobeh.
  2863 | D:3      | Noticed Terence
  2875 | D:3      | Killed Terence
  2876 | D:3      | Reached XP level 6. HP: 25/38 MP: 6/6
  3186 | D:4      | Noticed Eustachio
  3212 | D:4      | HP: 1/38 [river rat[Eustachio] (6)]
  3214 | D:4      | Slain by a bat

Illustrated notes

Levels and vault maps discovered:
D:1:      mrwooster_arrival_arrow, layout_rooms, minmay_tromino_v7
D:2:      layout_basic, shapermc_ecumenical_altar_mp_highgroup, minivault_27
D:3:      layout_rooms, mainiacjoe_overflow_tiny_flanked,
          lemuel_coloured_pillars_altar, uniq_ijyb, uniq_robin, uniq_terence
D:4:      layout_loops_ring, nicolae_tso_besieged_by_evil,
          minmay_misc_feat_encased, minmay_misc_feat_cross,
          minmay_pentomino_pile, uniq_eustachio

Skill      XL: |  1  2  3  4  5 |
---------------+----------------+-----
Axes           | 2 3 |  3.8
Shields        | 4 |  4.4
Armour         | 4 |  4.1
Dodging        | 1 |  1.1
Fighting       | 4 |  4.0
Unarmed Combat | |  0.4

Action                   |  1- 3 |  4- 6 || total
-------------------------+-------+-------++-------
Melee: War axe           |    92 |   172 ||   264
       Unarmed           |       |    21 ||    21
  Use: Scroll            |       |     8 ||     8
       Potion            |       |     3 ||     3
Armor: Scale mail        |    91 |    39 ||   130
       Chain mail        |       |    73 ||    73
       Skin              |       |     2 ||     2
Dodge: Dodged            |    41 |    58 ||    99
Block: Kite shield       |    69 |   113 ||   182

Table legend: (Time is in decaauts)
 A = Elapsed time spent in this place.
 B = Non-inter-level travel time spent in this place.
 C = Inter-level travel time spent in this place.
 D = Time resting spent in this place.
 E = Time spent auto-exploring this place.
 F = Levels seen in this place.
 G = Mean time per level.
                   A        B        C        D        E       F      G
               +--------+--------+--------+--------+--------+-----+--------+
         Total |   3364 |   3364 |      0 |    760 |   1819 |   4 |  841.0 |
       Dungeon |   3364 |   3364 |      0 |    760 |   1819 |   4 |  841.0 |
               +--------+--------+--------+--------+--------+-----+--------+

Top non-repeatable levels by time:
     D:1: 1158 daAuts
     D:2: 1101 daAuts
     D:3: 1027 daAuts
     D:4: 77 daAuts
